[Event "*** Titled Tuesday 3|2 Blitz"]
[Site "Chess.com"]
[Date "2015.04.07"]
[Round "8"]
[White "MITerryble"]
[Black "Ar4uha"]
[Result "1-0"]
[WhiteElo "2514"]
[BlackElo "2466"]
[TimeControl "180+2"]
[EndTime "12:45:30 PDT"]
[Termination "MITerryble won by resignation"]

1. d4 Nf6 2. Nf3 e6 3. c4 b6 4. g3 Ba6 5. Qa4 Bb7 6. Bg2 c5 7. dxc5 bxc5 8. O-O Be7 9. Rd1 O-O 10. Nc3 Qb6 11.
Qb5 Qc7 12. Bf4 d6 13. Rd2 Nc6 14. Rad1 e5 15. Bg5 a6 16. Qa4 Nd4 17. Bxf6 Bxf6 18. Nxd4 exd4 19. Nd5 Bxd5 20. Bxd5 Ra7 21. Rd3 Rb8 22. Rb3 a5 23. Rdd3 g6 24. Rxb8+ Qxb8 25. Rb3 Qd8 26. Kf1 Kg7 27. Qc6 a4 28. Rb7 Rxb7 29. Qxb7 Qe7 30. Qxe7 Bxe7 31. Bc6 a3 32. bxa3 Bd8 33. Ke1 Kf6 34. Kd2 Ke7 35. Kc2 Ba5 36.
Kb3 Kd8 37. Ka4 Be1 38. f3 Kc7 39. Kb5 h5 40. a4 h4 41. gxh4 Bxh4 42. Be8 Be7 43. f4 g5 44. fxg5 Bxg5 45. Bxf7 Kb7 46. a5 Ka7 47. a6 Bd8 48. Bd5 Be7 49. Bb7 Kb8 50. Kb6 Bd8+ 51. Kc6 Be7 52. Kd7 Bf8 53. h4 Ka7 54. h5 d5 55. Bxd5 Kxa6 56. Ke8 Bh6 57.
Kf7 Ka5 58. Be4 Kb4 59. Bd3 Kc3 60. Kg6 1-0

[Event "*** Titled Tuesday 3|2 Blitz"]
[Site "Chess.com"]
[Date "2015.04.07"]
[Round "8"]
[White "SCIM"]
[Black "petrpalachev"]
[Result "1-0"]
[WhiteElo "2121"]
[BlackElo "2402"]
[TimeControl "180+2"]
[EndTime "12:45:35 PDT"]
[Termination "SCIM won on time"]

1. d4 Nf6 2. c4 e6 3. Nc3 Bb4 4. e3 O-O 5. Bd3 c5 6. Nf3 Nc6 7. O-O Bxc3 8. bxc3 d6 9. Re1 e5 10. Nd2 Re8 11. Bb2 b6 12. Qc2 exd4 13. exd4 Rxe1+ 14. Rxe1 cxd4 15. Ne4 Bb7 16. Nxf6+ Qxf6 17. Bxh7+ Kh8 18. Be4 Re8 19. Qd3 dxc3 20. Qh3+ Qh6 21. Qxh6+ gxh6 22. Bxc3+ Kg8 23. Bd5 Rxe1+ 24. Bxe1 Nd8 25. f4 Bxd5 26. cxd5 f5 27. Kf2 Kf7 28. Bb4 Nb7 29. h3 h5 30. Kf3 Nc5 31. g4 hxg4+ 32. hxg4 fxg4+ 33. Kxg4 Ne4 34. Kf5 Nc5 35. a4 a5 36. Ba3 Ke7 37. Kg6 Nxa4 38. f5 Nc5 39. f6+ Kf8 40. f7 Ne4 41.
Kf5 Nc5 42. Kf6 a4 43. Bc1 1-0

[Event "*** Titled Tuesday 3|2 Blitz"]
[Site "Chess.com"]
[Date "2015.04.07"]
[Round "8"]
[White "LyonBeast"]
[Black "GeorgMeier"]
[Result "0-1"]
[WhiteElo "2754"]
[BlackElo "2734"]
[TimeControl "180+2"]
[EndTime "12:46:38 PDT"]
[Termination "GeorgMeier won by resignation"]

1. Nf3 d5 2. c4 d4 3. e3 Nc6 4.
exd4 Nxd4 5. Nxd4 Qxd4 6. Nc3 c6 7. d3 Nh6 8. Be2 Nf5 9. O-O g6 10. g4 Ng7 11. Be3 Qd7 12. d4 h5 13. f3 Qc7 14. Qd2 Ne6 15. d5 hxg4 16. Rf2 gxf3 17. Bxf3 Ng7 18. Bf4 Qb6 19. c5 Qa6 20. Re1 Nf5 21.
d6 Be6 22. b4 Bg7 23. b5 cxb5 24.
Nd5 O-O 25. Nc7 Qa3 26. Nxa8 Qxc5 27. Rc1 Qa3 28. Nc7 Bc4 29. dxe7 Qxe7 30. Nd5 Qh4 31.
Bg5 Qd4 32. Ne7+ Nxe7 33. Bxe7 Re8 34. Bg5 Qb6 35. Kh1 Bd4 36. Rg2 a5 37. Rd1 Bg7 38. Bf4 a4 39. Bd5 Qc5 40. Bxc4 bxc4 41. Qc2 b5 42. h3 Qc6 43. Kh2 b4 44. Rc1 c3 45.
Bg3 Rc8 46. Rb1 Qb5 47. Rf2 Rd8 48. Qe4 b3 49. Qe7 Rf8 50. axb3 axb3 51. Qc7 Qd5 52.
Rbf1 c2 53. Rf3 Qe6 54. R3f2 Rc8 55. Qf4 b2 0-1

[Event "*** Titled Tuesday 3|2 Blitz"]
[Site "Chess.com"]
[Date "2015.04.07"]
[Round "8"]
[White "Dlugy"]
[Black "AnthonyWirig"]
[Result "1/2-1/2"]
[WhiteElo "2518"]
[BlackElo "2457"]
[TimeControl "180+2"]
[EndTime "12:47:50 PDT"]
[Termination "Game drawn - insufficient material"]

1. d4 d5 2. c4 e6 3. Nc3 Nf6 4. cxd5 exd5 5. Bg5 c6 6. Qc2 Be7 7. e3 h6 8. Bf4 Nbd7 9. Bd3 Nf8 10. Nge2 Ne6 11.
Bg3 h5 12. h3 h4 13. Bh2 a6 14. a3 Bd7 15. b4 b5 16. O-O Qb6 17. Be5 O-O 18.
e4 dxe4 19. Nxe4 Nxe4 20. Bxe4 Rac8 21. Bf5 a5 22. bxa5 Qxa5 23. Nf4 c5 24. Nxe6 Bxe6 25. Bxe6 fxe6 26. Qe4 c4 27. Qg4 Rf7 28. Qxe6 Qa8 29. d5 Bc5 30. Qg4 Re8 31. Bd4 Qxd5 32. Bxc5 Qxc5 33. Qxh4 c3 34. Qb4 Qxb4 35. axb4 Re2 36. Ra8+ Kh7 37. Rc8 c2 38. g3 Rd7 39. Kg2 Rd3 40.
Rc5 Kg6 41. h4 Kf6 42. Kh3 Ke6 43. Rc1 Rdd2 44. f4 Kd6 45. Kg4 Rg2 46. Rc3 Kd5 47. h5 Kd4 48. Rc7 Kd3 49. Rxg7 Kc3 50. Rc7+ Kxb4 51.
h6 Rh2 52. h7 Kb3 53. f5 Kb2 54. Rf1 Rd1 55. Rf4 Kb3 56. f6 Rxh7 57. f7 Rg7+ 58. Kh3 Rh7+ 59. Kg4 Rg7+ 60. Kh3 Rh7+ 61. Kg2 Rxf7 62.
Rfxf7 c1=Q 63. Rxc1 Rxc1 64. g4 b4 65. g5 Rc5 66. Rg7 Kc2 67. Kf3 b3 68. Kf4 Rb5 69. Rc7+ Kd2 70. Rd7+ Ke2 71. Rh7 b2 72. Rh1 b1=Q 73.
Rxb1 Rxb1 74. g6 Kd3 75. Kf5 Kd4 76. g7 Rg1 77. Kf6 Kd5 78. Kf7 Rf1+ 79. Ke7 Rg1 80. Kf7 Rf1+ 81. Ke7 Rg1 82. Kf7 Rxg7+ 83. Kxg7 1/2-1/2

[Event "*** Titled Tuesday 3|2 Blitz"]
[Site "Chess.com"]
[Date "2015.04.07"]
[Round "9"]
[White "GasconJR"]
[Black "Dlugy"]
[Result "1-0"]
[WhiteElo "2303"]
[BlackElo "2502"]
[TimeControl "180+2"]
[EndTime "12:51:54 PDT"]
[Termination "GasconJR won by resignation"]

1. e4 d5 2. exd5 Qxd5 3. Nc3 Qd6 4. d4 c6 5. Nf3 Bg4 6. h3 Bxf3 7. Qxf3 Qxd4 8.
Bd2 Nf6 9. O-O-O Qd8 10. Bc4 Nbd7 11. Rhe1 e6 12. g4 Be7 13. g5 Nd5 14. Nxd5 cxd5 15. Bxd5 O-O 16. Bxb7 Rb8 17. Bc3 Bxg5+ 18. Kb1 Bf6 19.
Rxd7 Qxd7 20. Qxf6 e5 21. Bxe5 Qg4 22. hxg4 gxf6 23.
Bxb8 Rxb8 24. Re7 Kg7 25. c4 Kg6 26. c5 1-0

[Event "*** Titled Tuesday 3|2 Blitz"]
[Site "Chess.com"]
[Date "2015.04.07"]
[Round "9"]
[White "AndrewMcStone"]
[Black "Recombinant"]
[Result "0-1"]
[WhiteElo "1931"]
[BlackElo "2148"]
[TimeControl "180+2"]
[EndTime "12:52:12 PDT"]
[Termination "Recombinant won by checkmate"]

1. d4 Nf6 2. c4 e6 3. Nc3 Bb4 4. f3 d5 5. a3 Bxc3+ 6. bxc3 c5 7.
cxd5 Nxd5 8. e4 Nxc3 9. Qb3 Qxd4 10. Bb2 Qe3+ 11. Ne2 Nd5 12. Qb5+ Bd7 13. Qxb7 Nf4 14. Qxa8 Nd3+ 15. Kd1 Ba4# 0-1

[Event "*** Titled Tuesday 3|2 Blitz"]
[Site "Chess.com"]
[Date "2015.04.07"]
[Round "9"]
[White "AlmirDzhumaev"]
[Black "iFrancisco"]
[Result "0-1"]
[WhiteElo "2101"]
[BlackElo "2208"]
[TimeControl "180+2"]
[EndTime "12:53:11 PDT"]
[Termination "iFrancisco won by resignation"]

1. e4 e5 2. Nf3 Nc6 3. d4 exd4 4. Nxd4 Nf6 5. Nxc6 bxc6 6. Bd3 d5 7. e5 Ng4 8. O-O f6 9. e6 Ne5 10. Re1 Nxd3 11.
Qxd3 Bd6 12. Qe2 Qe7 13. Qh5+ g6 14. Qh3 O-O 15. f4 f5 16. Qc3 Bb4 17. Qxc6 Bxe1 18. Qxa8 Qc5+ 19. Kh1 Ba6 20. b4 Qf2 21. Qxa7 Qxa7 0-1

[Event "*** Titled Tuesday 3|2 Blitz"]
[Site "Chess.com"]
[Date "2015.04.07"]
[Round "9"]
[White "jcibarra"]
[Black "DanielRensch"]
[Result "1-0"]
[WhiteElo "2505"]
[BlackElo "2242"]
[TimeControl "180+2"]
[EndTime "12:54:00 PDT"]
[Termination "jcibarra won by resignation"]

1. e4 c5 2. Nf3 d6 3. d4 cxd4 4. Nxd4 Nf6 5. Nc3 g6 6. Be3 Bg7 7. f3 O-O 8. Qd2 Nc6 9. O-O-O d5 10. Kb1 a6 11. Nxc6 bxc6 12. exd5 Nxd5 13. Nxd5 cxd5 14.
Qxd5 Qc7 15. Qxa8 Bf5 16. Qxf8+ Kxf8 17. Bd3 Be6 18. Bc1 a5 19. Rhe1 a4 20. a3 h5 21.
Re4 Bd5 22. Rxa4 e6 23. h4 Bf6 24. Be4 Qd7 25. Ra8+ Kg7 26. Bxd5 exd5 27. Ra5 Bxh4 28. Raxd5 Qe6 29. a4 Qe2 30. R5d2 Qa6 31. b3 Bf6 32.
Bb2 Bxb2 33. Kxb2 h4 34. c4 Qf6+ 35. Ka2 h3 36. gxh3 Qxf3 37. Rc1 Qxh3 38. c5 Qe3 39. Rcc2 1-0

[Event "*** Titled Tuesday 3|2 Blitz"]
[Site "Chess.com"]
[Date "2015.04.07"]
[Round "9"]
[White "jefferyx"]
[Black "megarompa"]
[Result "1-0"]
[WhiteElo "2387"]
[BlackElo "2666"]
[TimeControl "180+2"]
[EndTime "12:54:15 PDT"]
[Termination "jefferyx won by resignation"]

1. e4 c5 2. Nf3 e6 3. g3 Nc6 4. Bg2 Nf6 5. Qe2 d5 6. exd5 Nxd5 7. O-O Be7 8. Rd1 O-O 9. d4 cxd4 10. Nxd4 Nxd4 11.
Rxd4 Bf6 12. Rd1 Qb6 13. c4 Nb4 14. Be3 Qa6 15. Nc3 Qa5 16. Nb5 a6 17. Nd6 Nc6 18.
Rab1 Qxa2 19. Bb6 e5 20. Bd5 Be6 21. Bxe6 fxe6 22. Qg4 Kh8 23. Qxe6 Qb3 24. Be3 h6 25. Nf7+ Kh7 26. Qf5+ Kg8 27. Nxh6+ gxh6 28. Qg6+ Kh8 29. Qxh6+ Kg8 30. Qg6+ Kh8 31. Rd6 Bg7 32. Rd7 Ne7 33. Rxe7 1-0

[Event "*** Titled Tuesday 3|2 Blitz"]
[Site "Chess.com"]
[Date "2015.04.07"]
[Round "9"]
[White "bugsbunny444"]
[Black "LyonBeast"]
[Result "0-1"]
[WhiteElo "2322"]
[BlackElo "2756"]
[TimeControl "180+2"]
[EndTime "12:55:11 PDT"]
[Termination "LyonBeast won on time"]

1. Nf3 g6 2. e4 Bg7 3. d4 d6 4. Nc3 a6 5. a4 e6 6. h3 b6 7. Bc4 Bb7 8. O-O Ne7 9. Re1 h6 10. Be3 Nd7 11. Qd2 g5 12. Rad1 Ng6 13. Nh2 Nf6 14. f3 Qe7 15. Ng4 Nxg4 16. hxg4 Bf6 17. Kf2 h5 18. gxh5 Rxh5 19. Rh1 Rxh1 20. Rxh1 Kf8 21. Rh5 g4 22. fxg4 Kg8 23. Bg5 c5 24. d5 Bxg5 25. Qxg5 Qxg5 26. Rxg5 e5 27. g3 Kg7 28.
Rh5 Bc8 29. Be2 Bd7 30. b3 Nf8 31. Nd1 b5 32. a5 Nh7 33. g5 Rf8 34. Ne3 f6 35.
gxf6+ Nxf6 36. Nf5+ Bxf5 37. Rxf5 Nxe4+ 38. Ke3 Rxf5 39. Kxe4 Rf2 40. Ke3 Rg2 41. Kf3 Rh2 42. Ke3 Kf6 0-1

[Event "*** Titled Tuesday 3|2 Blitz"]
[Site "Chess.com"]
[Date "2015.04.07"]
[Round "9"]
[White "HansCoolNiemann"]
[Black "pKiLz5Rn9b"]
[Result "1-0"]
[WhiteElo "1899"]
[BlackElo "2284"]
[TimeControl "180+2"]
[EndTime "12:55:43 PDT"]
[Termination "HansCoolNiemann won by resignation"]

1. d4 Nf6 2. c4 e6 3. Nf3 b6 4. g3 Bb7 5. Bg2 Bb4+ 6. Bd2 Be7 7. Nc3 O-O 8. Qc2 d5 9. Ne5 Nbd7 10. f4 c5 11. e3 Rc8 12. O-O Ba8 13. cxd5 exd5 14. h3 cxd4 15. exd4 Ne4 16. Qd3 Ndf6 17. g4 Nxd2 18.
Qxd2 Ne4 19. Nxe4 dxe4 20. Qe3 f6 21. Qb3+ Bd5 22. Qe3 fxe5 23. fxe5 Rxf1+ 24. Rxf1 Bg5 25. Qe1 Rc1 26. Qb4 Rxf1+ 27. Bxf1 e3 28. Bc4 Bxc4 29. Qxc4+ Kh8 30. d5 e2 31. Kf2 Qe7 32. e6 Qc5+ 33.
Qxc5 bxc5 34. d6 Kg8 35. Kxe2 Kf8 36. Kd3 Bf4 37. d7 Ke7 38. Ke4 Bg5 39. Kd5 a5 40. b3 g6 41. a3 h5 42. gxh5 gxh5 43. a4 h4 44. Ke5 Bf6+ 45. Kd5 Bg5 46. Ke5 Kd8 47. Kd6 Be7+ 48. Kc6 Bf8 49. Kb6 Bd6 50. Kc6 Be7 51. Kb6 Bd6 52. Kxa5 Bc7+ 53. Kb5 Ke7 54.
Kc6 Bd8 55. Kd5 Ba5 56. Ke5 Bc7+ 57. Kd5 Bd8 58. Ke5 Bc7+ 59. Kd5 Bd8 60. Kxc5 Kxe6 61. Kc6 Ba5 62. b4 Bd8 63. a5 Ke7 64. a6 1-0

[Event "*** Titled Tuesday 3|2 Blitz"]
[Site "Chess.com"]
[Date "2015.04.07"]
[Round "9"]
[White "facu57"]
[Black "AnthonyWirig"]
[Result "0-1"]
[WhiteElo "2145"]
[BlackElo "2460"]
[TimeControl "180+2"]
[EndTime "12:55:45 PDT"]
[Termination "AnthonyWirig won by resignation"]

1. e4 c5 2. Nc3 d6 3. g3 h5 4. Bg2 h4 5. d3 Nc6 6. f4 hxg3 7.
hxg3 Rxh1 8. Bxh1 e6 9. Be3 Rb8 10. Qh5 Nf6 11. Qd1 Qb6 12. Rb1 Qa5 13. a3 Be7 14.
Bf3 d5 15. Bd2 Qd8 16. e5 Nd7 17. Nh3 b5 18. Nf2 a5 19. Ne2 b4 20. axb4 axb4 21. b3 Bb7 22. Be3 Qb6 23. Ra1 Kd8 24. Kf1 Kc7 25. Kg2 Rh8 26. Nh3 f6 27. exf6 gxf6 28.
d4 cxd4 29. Bxd4 Nxd4 30. Nxd4 Bc5 31. Ne2 Be3 32. Qd3 f5 33. Ng5 Nf6 34. Rh1 Rxh1 35. Kxh1 Ne4 36. Bxe4 fxe4 37. Qd1 e5 38. Kg2 d4 39. Qh1 d3 40. Qh7+ Kb8 41. Qg8+ Ka7 42. Qe8 dxe2 43. Qa4+ Qa6 44. Qxb4 exf4 45. gxf4 Bb6 46.
Nxe4 Qa1 0-1

[Event "*** Titled Tuesday 3|2 Blitz"]
[Site "Chess.com"]
[Date "2015.04.07"]
[Round "9"]
[White "brauliocuarta"]
[Black "Mazetovic"]
[Result "0-1"]
[WhiteElo "2081"]
[BlackElo "2437"]
[TimeControl "180+2"]
[EndTime "12:56:11 PDT"]
[Termination "Mazetovic won by resignation"]

1. d4 Nf6 2. c4 g6 3. Nc3 Bg7 4. e4 O-O 5. f4 d6 6. Nf3 c5 7. d5 e6 8. Be2 exd5 9. cxd5 Bg4 10. O-O a6 11. e5 Nfd7 12. e6 Nf6 13. h3 Bxf3 14. Bxf3 b5 15. Re1 Ra7 16. f5 gxf5 17.
Bf4 b4 18. Na4 Re7 19. Qd3 fxe6 20. dxe6 Ne4 21. Bxe4 fxe4 22. Rxe4 d5 23. Bxb8 dxe4 24. Qxd8 Rxd8 25. Bf4 Bd4+ 26. Kh1 Rxe6 27. Rd1 Rf8 28. g3 e3 29. Kg2 e2 30. Re1 c4 31. Kf3 Re3+ 32.
Kg2 Rxf4 33. gxf4 c3 34. bxc3 bxc3 35. Kf2 c2 36. f5 Ra3+ 37. Kxe2 Re3+ 38. Kd2 Rxe1 0-1

[Event "*** Titled Tuesday 3|2 Blitz"]
[Site "Chess.com"]
[Date "2015.04.07"]
[Round "9"]
[White "chesstatour"]
[Black "guillead1"]
[Result "0-1"]
[WhiteElo "1956"]
[BlackElo "2356"]
[TimeControl "180+2"]
[EndTime "12:56:21 PDT"]
[Termination "guillead1 won by resignation"]

1. d4 g6 2. c4 Bg7 3. Nc3 f5 4. e4 fxe4 5. Nxe4 Nf6 6. Ng5 O-O 7. Bd3 d5 8. Ne2 Nc6 9. O-O e5 10. cxd5 Qxd5 11. Nc3 Qxd4 12. Be3 Qb4 13. Qe2 h6 14. Nge4 Nxe4 15. Nxe4 Nd4 16. Bxd4 exd4 17. Ng3 Qb6 18. Qc2 Kh7 19. h4 Bd7 20. h5 Be8 21. Rac1 Rc8 22.
Qc5 Qxc5 23. Rxc5 c6 24. Rd1 Bf7 25. b3 Rfe8 26. Bb1 Bf8 27. Rc2 c5 28. Rcd2 Kg7 29. f4 Bd6 30. hxg6 Bxg6 31. f5 Bxg3 32. fxg6 Re3 33. Rd3 Rce8 34. Rxe3 Rxe3 35. Bd3 h5 36. a4 h4 37. a5 b6 38. axb6 axb6 39. Rc1 Rxd3 0-1

[Event "*** Titled Tuesday 3|2 Blitz"]
[Site "Chess.com"]
[Date "2015.04.07"]
[Round "9"]
[White "rhungaski"]
[Black "lukas_111111"]
[Result "1-0"]
[WhiteElo "2450"]
[BlackElo "2330"]
[TimeControl "180+2"]
[EndTime "12:56:30 PDT"]
[Termination "rhungaski won by resignation"]

1. d4 Nf6 2. c4 g6 3. Nc3 d5 4.
cxd5 Nxd5 5. e4 Nxc3 6. bxc3 Bg7 7. Be3 c5 8. Qd2 Qa5 9. Nf3 O-O 10. Rc1 Rd8 11.
d5 e6 12. c4 Qxd2+ 13. Nxd2 Na6 14. Be2 Nb4 15. Bxc5 Nxa2 16. Rc2 Nc3 17. Bb4 Nxe2 18. Kxe2 b5 19. Be7 Rd7 20. d6 bxc4 21. Nxc4 Ba6 22.
Kf3 f5 23. exf5 gxf5 24. Kg3 Kf7 25. f4 Rg8 26. Kh3 Bb7 27. Ne5+ Bxe5 28. fxe5 Be4 29. Rf2 Rb7 30. Re1 Rb3+ 31. g3 Rg6 32. Rxe4 Rh6+ 33.
Rh4 1-0

[Event "*** Titled Tuesday 3|2 Blitz"]
[Site "Chess.com"]
[Date "2015.04.07"]
[Round "9"]
[White "OIAM03"]
[Black "chessloveyou"]
[Result "0-1"]
[WhiteElo "1944"]
[BlackElo "2119"]
[TimeControl "180+2"]
[EndTime "12:56:39 PDT"]
[Termination "chessloveyou won on time"]

1. e4 c6 2. Nf3 d5 3. Nc3 Bg4 4. Be2 d4 5. Nxd4 Bxe2 6. Ndxe2 e5 7. Ng3 Nf6 8. O-O Nbd7 9. d3 Qc7 10. f4 Bc5+ 11. Kh1 O-O-O 12. a4 h5 13. fxe5 Ng4 14. d4 Ndxe5 15. Bf4 Rxd4 16. Qe2 g6 17. h3 f6 18. Nd1 g5 19. Be3 Nxe3 20. Nxe3 Ng6 21. Ngf5 Rxe4 22. Qd3 Rhe8 23. Nc4 R4e6 24. Nfd6+ Bxd6 25. Nxd6+ Qxd6 26. Qxg6 Kc7 27. Qxh5 Re2 28. Qg4 Qd5 29.
Qf3 Qxf3 30. Rxf3 R8e6 31. Rc3 Rd2 32. Rf1 Ree2 33. Rcf3 Rxg2 0-1

[Event "*** Titled Tuesday 3|2 Blitz"]
[Site "Chess.com"]
[Date "2015.04.07"]
[Round "9"]
[White "MattyDPerrine"]
[Black "1stSecond"]
[Result "0-1"]
[WhiteElo "2196"]
[BlackElo "2393"]
[TimeControl "180+2"]
[EndTime "12:56:56 PDT"]
[Termination "1stSecond won on time"]

1. d4 Nf6 2. c4 e6 3. Nc3 Bb4 4.
Qc2 O-O 5. Nf3 c5 6. dxc5 Qa5 7. Bd2 Qxc5 8. e3 d5 9. cxd5 exd5 10. Rc1 Nc6 11.
a3 Bxc3 12. Qxc3 Qe7 13. Qc5 Qxc5 14. Rxc5 Be6 15. Bb5 Ne4 16. Rc2 Rfc8 17. Bd3 Bg4 18. h3 Bxf3 19. gxf3 Nxd2 20. Kxd2 d4 21. Be4 dxe3+ 22.
fxe3 Rd8+ 23. Ke2 Rd6 24. Rd1 Rh6 25. Rd7 Rb8 26. Rcd2 g6 27. Bxc6 bxc6 28. Rxa7 Rxh3 29. b4 Re8 30. Rdd7 Rh2+ 31. Kd3 Rf8 32. Rac7 Ra2 33. Rxc6 Rxa3+ 34. Rc3 Ra1 35. Ke2 Rb1 36. Rc4 h5 37. f4 Re8 38. Kf3 Rb3 39. Re4 Rxe4 40. Kxe4 Rxb4+ 41. Kf3 Kg7 42. Ra7 Rb1 43. Rc7 Rg1 44. Rc2 h4 45. Rh2 Rg3+ 46. Kf2 Rg4 47. Kf3 f5 48. e4 Rg3+ 49. Kf2 fxe4 50. Rxh4 Rf3+ 51. Ke2 Kf6 52. Rh8 Rxf4 53. Rf8+ Kg5 54. Re8 Kg4 55. Ke3 g5 56. Re5 Kh4 57. Re8 Kg3 0-1

[Event "*** Titled Tuesday 3|2 Blitz"]
[Site "Chess.com"]
[Date "2015.04.07"]
[Round "9"]
[White "kesarev"]
[Black "tac49"]
[Result "0-1"]
[WhiteElo "2200"]
[BlackElo "2370"]
[TimeControl "180+2"]
[EndTime "12:57:12 PDT"]
[Termination "tac49 won by resignation"]

1. Nf3 d5 2. c4 c6 3. b3 Bg4 4.
Bb2 e6 5. Ne5 Bf5 6. g3 Nf6 7.
Bg2 Nbd7 8. Nf3 Bd6 9. O-O O-O 10.
d3 h6 11. Nbd2 a5 12. a3 Re8 13. Re1 Bg6 14. Rc1 Qb6 15. Rf1 e5 16. cxd5 cxd5 17.
Rc2 Nc5 18. Rc1 e4 19. dxe4 Nfxe4 20. Nd4 Be5 21. N2f3 Bf6 22. Ba1 Rac8 23. e3 Nd6 24.
Ne1 Be4 25. h3 Bxg2 26. Kxg2 Nde4 27. Nd3 Nxd3 28. Qxd3 Bxd4 29. Bxd4 Qd6 30. Bb2 Qg6 31. Qd4 Rc6 32. Rxc6 bxc6 33. Rc1 Re6 34. Qa7 Qf5 35.
Rf1 Ng5 36. Qb8+ Kh7 37. h4 Qe4+ 38. Kh2 Nf3+ 39. Kh3 Qf5+ 40. Kg2 Qg4 41. Qf4 Nxh4+ 42.
Kh1 Qh3+ 0-1

[Event "*** Titled Tuesday 3|2 Blitz"]
[Site "Chess.com"]
[Date "2015.04.07"]
[Round "9"]
[White "Yaacovn"]
[Black "SCIM"]
[Result "1-0"]
[WhiteElo "2595"]
[BlackElo "2118"]
[TimeControl "180+2"]
[EndTime "12:57:22 PDT"]
[Termination "Yaacovn won by resignation"]

1. d4 Nf6 2. Nf3 g6 3. c4 Bg7 4. g3 d5 5. cxd5 Nxd5 6. Bg2 O-O 7. O-O Nc6 8. Nc3 Nb6 9. Bf4 a6 10. d5 Na5 11. Be5 Nac4 12. Bxg7 Kxg7 13. a4 Nd6 14. a5 Nd7 15. e4 f6 16. Nd4 Nb8 17. f4 c5 18. Nc2 e5 19. fxe5 fxe5 20. Rxf8 Qxf8 21. Qd2 Nd7 22. Rf1 Qe7 23. Ne3 Nf6 24. h3 Bd7 25.
g4 Rf8 26. Qe1 Nfe8 27. Rxf8 Qxf8 28. Qg3 Qe7 29. g5 Nc7 30. h4 Ncb5 31. Nxb5 axb5 32. Qf2 c4 33. Nc2 Nf7 34. Qb6 Be8 35. Bh3 Nxg5 36.
hxg5 Qxg5+ 37. Kf1 Qc1+ 38. Ne1 Qxb2 39. Qxb7+ Kh6 40.
Qe7 Qc3 41. Bg2 Qg3 42. Qxe8 Qf4+ 43. Ke2 c3 44. Qxb5 Qd2+ 45. Kf1 Qf4+ 46. Bf3 c2 47. Nxc2 Qxf3+ 48. Ke1 Qh1+ 49. Qf1 Qxe4+ 50. Qe2 Qa4 51. Qd2+ Kh5 52. d6 Qh4+ 53. Qf2 Qh1+ 54. Ke2 Qe4+ 55.
Ne3 1-0

[Event "*** Titled Tuesday 3|2 Blitz"]
[Site "Chess.com"]
[Date "2015.04.07"]
[Round "9"]
[White "Mugzyyy"]
[Black "Ar4uha"]
[Result "1-0"]
[WhiteElo "2573"]
[BlackElo "2460"]
[TimeControl "180+2"]
[EndTime "12:58:02 PDT"]
[Termination "Mugzyyy won by resignation"]

1. d4 Nf6 2. c4 e6 3. Nc3 Bb4 4.
Nf3 b6 5. Qb3 Qe7 6. Bg5 a5 7.
e3 h6 8. Bh4 g5 9. Bg3 Ne4 10.
Bd3 Bb7 11. Qc2 Bxc3+ 12. bxc3 Nxg3 13. hxg3 Nc6 14. Rb1 Ba6 15. Nd2 Kf8 16. e4 Kg7 17. f4 Rag8 18. e5 gxf4 19. gxf4 Kf8 20. Ne4 Rg4 21. Qf2 d5 22. Nf6 Rg7 23. Qe2 Qa3 24. Qd2 Bxc4 25. Bxc4 dxc4 26. O-O Ne7 27. Kh2 Nd5 28.
Nxd5 exd5 29. f5 Rhg8 30. Rf2 Rg3 31. Qxh6+ Ke8 32. e6 Qxc3 33. f6 R3g6 34. Qh7 Qg3+ 35. Kg1 Rf8 36. Re1 Qc3 37. exf7+ Kd7 38. Re7+ Kc6 39.
Qxg6 Qa1+ 40. Kh2 Rh8+ 41. Kg3 Qxd4 42. Re8 Rh1 43. f8=Q Qh4+ 44. Kf3 Rd1 45. f7+ Kb5 46. Qfh6 Qd4 47. Qf4 Rd3+ 48. Kg4 Qh8 49. f8=Q Qh1 50. Q8f5 Qd1+ 51. Kg5 Qh1 52. g4 Rh3 53. Qxd5+ Ka6 54. Qxh1 1-0

[Event "*** Titled Tuesday 3|2 Blitz"]
[Site "Chess.com"]
[Date "2015.04.07"]
[Round "9"]
[White "jbj"]
[Black "DrHolmes13"]
[Result "0-1"]
[WhiteElo "2263"]
[BlackElo "2230"]
[TimeControl "180+2"]
[EndTime "12:58:21 PDT"]
[Termination "DrHolmes13 won by checkmate"]

1. e4 c5 2. d4 cxd4 3. c3 dxc3 4. Nxc3 Nc6 5. Nf3 d6 6. Bc4 a6 7. O-O Nf6 8. Be3 Bg4 9. Qb3 e6 10. Qxb7 Na5 11. Qb4 Nxc4 12. Qxc4 Bxf3 13. Qc6+ Nd7 14. gxf3 Be7 15. e5 d5 16. Rad1 Qc8 17. Qa4 O-O 18. f4 Rb8 19. Rd2 Rb4 20. Qd1 Qb7 21. b3 Rc8 22. Ne2 Bc5 23. Nd4 Bxd4 24. Rxd4 Nf8 25. Qd2 Rxd4 26. Bxd4 Ng6 27. Rc1 Nh4 28. Rxc8+ Qxc8 29. Qc3 Qxc3 30. Bxc3 Kf8 31. Kf1 Ng6 32. Bd2 Ke7 33. a4 Kd7 34. b4 Kc6 35. Ke2 Ne7 36. Kd3 Nf5 37. Bc3 h5 38. Bb2 Nh4 39. Bc1 Nf3 40.
h3 Ng1 41. h4 Nf3 42. Ke3 Nxh4 43. Bb2 g6 44. Ba1 Nf5+ 45. Kf3 Nh6 46. Kg3 Ng4 47.
Bd4 Nh6 48. Bb2 Nf5+ 49. Kf3 d4 50. Ke4 h4 51. Kf3 h3 52. Bc1 Kd5 53. Bd2 d3 54. Be1 Kc6 55. Bd2 Kd5 56. Be1 Kc4 57. Bd2 Kb3 58.
b5 Nd4+ 59. Kg3 Nxb5 60. axb5 axb5 61. Kxh3 Kc2 62. Ba5 d2 63. Bxd2 Kxd2 64. Kg4 b4 65.
Kg5 b3 66. Kf6 b2 67. Kxf7 b1=Q 68. Kxe6 Qf5+ 69. Ke7 Qxf4 70. e6 Qxf2 71. Ke8 g5 72. e7 g4 73. Kd7 Qd4+ 74. Kc7 Qe5+ 75. Kd7 Qd5+ 76. Kc7 Qe6 77. Kd8 Qd6+ 78. Ke8 g3 79. Kf7 Qf4+ 80. Ke6 Qe4+ 81. Kd7 Qd5+ 82. Kc7 Qe5+ 83.
Kd7 Qd5+ 84. Kc7 Qe6 85. Kd8 Qd6+ 86. Ke8 g2 87. Kf7 g1=Q 88. e8=Q Qgg6# 0-1

[Event "*** Titled Tuesday 3|2 Blitz"]
[Site "Chess.com"]
[Date "2015.04.07"]
[Round "9"]
[White "ilmago"]
[Black "AnastasiaProtopopova"]
[Result "0-1"]
[WhiteElo "1881"]
[BlackElo "1913"]
[TimeControl "180+2"]
[EndTime "12:59:14 PDT"]
[Termination "AnastasiaProtopopova won by resignation"]

1. e4 e5 2. f4 d5 3. exd5 exf4 4. Nf3 Nf6 5. Bc4 Nxd5 6. O-O Be6 7. d4 Bd6 8. Qe2 O-O 9. Nbd2 c6 10. Ne4 Bc7 11.
Nfg5 Re8 12. Qh5 h6 13. Nxe6 Rxe6 14. Nc5 Re7 15. Nxb7 Qc8 16. Nc5 Nf6 17. Qf3 Nbd7 18. Bxf4 Nxc5 19. dxc5 Qf5 20. Qxc6 Bxf4 21. Qxa8+ Re8 22.
Qf3 Qxc5+ 23. Kh1 Qxc4 24. Qxf4 Qxc2 25. Qd4 Re2 26. Rac1 Qg6 27. Rf2 Re4 28. Qxa7 Kh7 29.
Qc5 Ng4 30. Rd2 Qe6 31. Qc2 g6 32. Rdd1 Qe5 33. g3 Re2 34. Rd2 Re1+ 35. Rxe1 Qxe1+ 36. Kg2 Ne3+ 37. Kf3 Nxc2 38. Rxc2 Qf1+ 39. Ke3 Qd1 40. Rd2 Qa4 41. a3 Kg7 42. Kd3 f5 43. Kc3 Qa5+ 44. Kc2 g5 45. Rd3 Qa4+ 46. Kc1 f4 47.
gxf4 Qxf4+ 48. Rd2 h5 49. b4 Qe3 50. b5 Qxa3+ 51.
Rb2 Qc5+ 52. Kd2 Qf2+ 53. Kc3 Qb6 54. Kc4 g4 55. Rd2 h4 56. Rd7+ Kg6 57. Rd4 Qe6+ 58. Kc5 g3 59. hxg3 hxg3 60. b6 g2 61. b7 Qe5+ 62. Kc6 g1=Q 63. Rd6+ Kh5 64. b8=Q Qc1+ 65. Kd7 Qg7+ 66. Ke6 Qe3+ 67. Kd5 Qed4+ 68. Kc6 Qc4+ 69. Kb6 Qb2+ 70. Ka7 Qa4+ 71. Ra6 Qxb8+ 72. Kxb8 Qxa6 0-1

[Event "*** Titled Tuesday 3|2 Blitz"]
[Site "Chess.com"]
[Date "2015.04.07"]
[Round "9"]
[White "zmaj23"]
[Black "MITerryble"]
[Result "1-0"]
[WhiteElo "2437"]
[BlackElo "2497"]
[TimeControl "180+2"]
[EndTime "12:59:31 PDT"]
[Termination "zmaj23 won by resignation"]

1. e4 e6 2. d4 d5 3. Nd2 Be7 4. Bd3 c5 5. dxc5 Nf6 6. Ngf3 dxe4 7. Nxe4 Nxe4 8. Bxe4 Qxd1+ 9. Kxd1 Bxc5 10. Ke2 Nd7 11.
Be3 Bxe3 12. Kxe3 Nc5 13. Rhd1 Ke7 14. Rd4 Nxe4 15. Kxe4 Rd8 16. Rxd8 Kxd8 17. Rd1+ Ke7 18. Nd4 Bd7 19. c4 Rc8 20. b3 Rc5 21. g4 g5 22. f3 f6 23. h4 gxh4 24. Rh1 Re5+ 25. Kd3 Be8 26. Rxh4 Bg6+ 27. Kd2 Rc5 28. f4 e5 29. f5 exd4 30. fxg6 hxg6 31. Rh7+ Ke6 32. Rxb7 Rg5 33. Rxa7 Rxg4 34. Kd3 g5 35. b4 Rg1 36. Ra6+ Ke5 37. Ra5+ Ke6 38. Kxd4 g4 39. c5 g3 40. Ke4 Rf1 41. Ra6+ Kf7 42. Ra7+ Kg6 43. Ra3 f5+ 44. Ke5 f4 45. Ra8 Kf7 46. Ra7+ Kg6 47. Ra8 Kh7 48. Kf6 g2 49. Ra7+ Kh6 50. Ra8 Kh5 51. Kf5 Kh6 52. Kf6 Kh5 53. Kf5 Kh6 54. Kf6 Kh7 55.
Ra7+ Kh8 56. Ra8+ Kh7 57. Ra7+ Kh6 58. Ra8 Kh5 59. Kf5 Kh4 60. Rg8 f3 61. Kf4 Kh5 62.
b5 Kh6 63. b6 g1=Q 64. Rxg1 Rxg1 65. Kxf3 Rb1 66. a4 Kg6 67. a5 Kf5 68. a6 Rb3+ 69. Ke2 Ke5 70. a7 Ra3 71. b7 Ra2+ 72. Kd3 Kd5 73.
a8=Q 1-0